 Dungeon Crawl Stone Soup version 0.32-a0-128-g77eb882913 (webtiles) character file.

Game seed: 15320086640643857695

73 Esekla the Sneak (level 4, -2/31 HPs)
             Began as an Octopode Delver on Feb 8, 2024.
             Slain by a hound (6 damage)
             ... on level 5 of the Dungeon.
             The game lasted 00:05:41 (380 turns).

Esekla the Sneak (Octopode Delver)                   Turns: 380, Time: 00:05:42

Health: -2/31      AC:  1    Str: 11    XL:     4   Next: 27%
Magic:  5/5        EV: 13    Int: 14    God:
Gold:   22         SH:  0    Dex: 13    Spells: 5/5 levels left

rFire   . . .        a - +0 falchion
rCold   . . .        (no shield)
rNeg    . . .        (helmet restricted)
rPois   .            (no amulet)
rElec   .            (no ring)
rCorr   .            (no ring)
SInv    .            (no ring)
Will    .....        (no ring)
Stlth   +++++        (no ring)
HPRegen 0.25/turn    (no ring)
MPRegen 0.09/turn    (no ring)
                     (no ring)

%: no passive effects
@: hasted, very quick
A: almost no armour, amphibious, 8 rings, camouflage 1, gelatinous body 1,
(nimble swimmer 1), tentacles
a: no special abilities


You were on level 5 of the Dungeon.
You visited 2 branches of the dungeon, and saw 2 of its levels.

You collected 22 gold pieces.

Inventory:

Hand Weapons
 a - a +0 falchion (weapon)
 h - a +0 dagger
Wands
 f - a wand of digging (3)
Scrolls
 b - a scroll of fog
 c - a scroll of noise {unknown}
 g - a scroll of identify {unknown}


   Skills:
 * Level 3.5 Fighting
 + Level 2.2 Long Blades
 * Level 2.4 Dodging
 + Level 7.6 Stealth
 * Level 1.0 Spellcasting


You had 5 spell levels left.
You didn't know any spells.
Your spell library was empty.

Dungeon Overview and Level Annotations

Branches:
Dungeon (5/15)             Temple (1/1) D:5

Altars:
Ashenzari
Elyvilon
Fedhas
Gozag
Nemelex Xobeh
Okawaru
Qazlal
Sif Muna
Uskayaw
Vehumet
Wu Jian
Xom
Yredelemnul


Innate Abilities, Weirdness & Mutations

You cannot wear most types of armour.
You are amphibious.
You can wear up to eight rings at the same time.
Your skin changes colour to match your surroundings (Stealth+).
Your rubbery body absorbs attacks. (AC +1, EV +1)
((You are camouflaged when in or above water. (Stealth+)))
You have tentacles for arms and can constrict up to eight enemies at once.


Message History

You now have 22 gold pieces (gained 14).
The hound bites you but does no damage. The hound bites you.
You miss the hound. You grab the hound. You squeeze the hound.
The hound is moderately wounded.
You constrict the hound.
A hound comes into view.
The hound bites you.
The hound barks!
You hit the hound.
The hound is severely wounded.
You constrict the hound.
You hear an angry growl.
The hound barely misses you. The hound completely misses you.
A black bear comes into view.
You hit the ufetubus but do no damage. You grab the ufetubus.
You tentacle-slap the ufetubus, but do no damage.
You squeeze the ufetubus.
The ufetubus is moderately wounded.
You constrict the hound. You constrict the ufetubus.
The ufetubus slips past you! The ufetubus barely misses you. x2
The hound completely misses you. The ufetubus hits you. x2
* * * LOW HITPOINT WARNING * * *
The hound misses you.
You hit the ufetubus but do no damage.
The ufetubus is heavily wounded.
You constrict the hound.
You kill the hound!
You constrict the ufetubus. The ufetubus hits you.
* * * LOW HITPOINT WARNING * * *
The ufetubus hits you but does no damage.
Cornered, the orc priest turns to fight!
The ufetubus closely misses you.
The ufetubus hits you but does no damage.
Your Spellcasting skill increases to level 1!
You have reached level 4!
You feel yourself speed up.
You constrict the ufetubus.
You kill the ufetubus!
The hound closely misses you. The hound attacks as it pursues you!
The hound bites you.
You die...

,,,,,,,,,,,._5.._.....#...#
,,,,****,,,............o..#
,,*,,**,,,,........##.....#
,,*,***,,,,,........#...#**
*,*,* *,,,,,,,#.h.#....###
*,,,***,,,,,,**##....#...##
**,,,,,,,,,,,*##...†.###..#
**,,,,,,,,,,,*#.h........##
,,,,,,,,,,.....#@.#......#
,,,,,,,,,.........##...###
*,,,,,......##....#...##
**..,.......##.........###
*,.......,......#........##
,,,.....*####...##.####...#
*,###.####.###....>.###...#
*##......#...#.......##...#
##....#..#...#....#.....###


You could see a hound and an orc priest.

Vanquished Creatures
  2 hounds (D:5)
  An ufetubus (D:5)
  4 orcs (D:5)
7 creatures vanquished.

Notes
Turn   | Place    | Note
-------+----------+-------------------------------------------
     0 | D:5      | Esekla the Octopode Delver began the quest for the Orb.
     0 | D:5      | Reached XP level 1. HP: 16/16 MP: 1/1
     5 | D:5      | Noticed a hound
    19 | D:5      | Killed a hound
    20 | D:5      | Reached skill level 7 in Stealth
    20 | D:5      | Reached XP level 2. HP: 3/21 MP: 2/2
    20 | D:5      | Reached XP level 3. HP: 4/26 MP: 3/3
   118 | D:5      | Noticed a centaur
   153 | D:5      | Found a staircase to the Ecumenical Temple.
   162 | Temple   | Entered the Ecumenical Temple
   181 | D:5      | Noticed an ice beast
   257 | D:5      | Noticed a scorpion
   351 | D:5      | Found a stormy altar of Qazlal.
   371 | D:5      | Found an ornate altar of the Wu Jian Council.
   374 | D:5      | Noticed a black bear
   377 | D:5      | Reached skill level 1 in Spellcasting
   377 | D:5      | Reached XP level 4. HP: 4/31 MP: 5/5
   380 | D:5      | Slain by a hound

Illustrated notes

Levels and vault maps discovered:
D:5:      layout_cave_pools, grunt_temple_overflow_open,
          minmay_temple_entry_antechambers
Temple:   minmay_freezing_vapour_temple

Skill      XL: |  1  2  3 |
---------------+----------+-----
Stealth        | 7 |  7.6
Spellcasting   | 1 |  1.0
Fighting       | |  3.5
Long Blades    | |  2.2
Dodging        | |  2.4

Action                     |  1- 3 |  4- 6 || total
---------------------------+-------+-------++-------
  Melee: Falchion          |    15 |       ||    15
         Constrict         |     7 |       ||     7
         Tentacles         |     4 |       ||     4
         Punch             |     1 |       ||     1
    Use: Scroll            |     2 |       ||     2
         Potion            |       |     1 ||     1
 Armour: Skin              |    15 |     1 ||    16
  Dodge: Dodged            |    11 |     1 ||    12

Table legend: (Time is in decaauts)
 A = Elapsed time spent in this place.
 B = Non-inter-level travel time spent in this place.
 C = Inter-level travel time spent in this place.
 D = Time resting spent in this place.
 E = Time spent auto-exploring this place.
 F = Levels seen in this place.
 G = Mean time per level.
                   A        B        C        D        E       F      G
               +--------+--------+--------+--------+--------+-----+--------+
         Total |    382 |    382 |      0 |     87 |      0 |   2 |  191.0 |
       Dungeon |    380 |    380 |      0 |     87 |      0 |   1 |  380.0 |
        Temple |      1 |      1 |      0 |      0 |      0 |   1 |    1.0 |
               +--------+--------+--------+--------+--------+-----+--------+

Top non-repeatable levels by time:
     D:5: 380 daAuts
  Temple: 1 daAuts
